 Dungeon Crawl Stone Soup version 0.26-a0-854-gdc81c2f471 (webtiles) character file.

Game seed: 16920215256431607939

25 Forecaster the Magician (level 3, 0/30 HPs)
             Began as a Naga Hedge Wizard on Nov 23, 2020.
             Slain by a goblin (5 damage)
             ... led by Robin
             ... on level 2 of the Dungeon.
             The game lasted 00:04:51 (1533 turns).

Forecaster the Magician (Naga Hedge Wizard)         Turns: 1533, Time: 00:04:52

Health: 0/30       AC:  3    Str: 12    XL:     3   Next: 6%
Magic:  0/7        EV: 10    Int: 15    God:
Gold:   72         SH:  0    Dex: 10    Spells: 1/8 levels left

rFire    . . .     SeeInvis +   a - +1 dagger
rCold    . . .     Faith    .   (no shield)
rNeg     . . .     Spirit   .   b - +0 robe
rPois    +         Reflect  .   c - +0 hat
rElec    .         Harm     .   j - +0 cloak
rCorr    .         Rampage  .   (no gloves)
MR       .....                  (no barding)
Stlth    ++........             (no amulet)
HPRegen  0.10/turn              (no ring)
MPRegen  0.10/turn              (no ring)

@: very slightly contaminated, very slow
A: large, see invisible, deformed body, poison resistance, slowness 2, spit
poison 1, AC +1
a: Spit Poison


You were on level 2 of the Dungeon.
You visited 1 branch of the dungeon, and saw 2 of its levels.

You collected 72 gold pieces.

Inventory:

Hand Weapons
 a - a +1 dagger (weapon)
 f - a +0 dagger
 w - a -1 dagger
Armour
 b - a +0 robe (worn)
 c - a +0 hat (worn)
 g - a +0 leather armour
 j - a +0 cloak (worn)
 m - a +0 robe
Jewellery
 s - an uncursed amulet of regeneration
Scrolls
 d - a scroll of magic mapping {unknown}
 l - 4 scrolls of teleportation {unknown}
 t - a scroll of identify {unknown}
 u - a scroll of noise {unknown}
Potions
 e - 2 potions of curing {unknown}
 i - a potion of haste {unknown}
 k - 2 potions of invisibility {unknown}
 n - a potion of cancellation {unknown}
 o - a potion of attraction {unknown}
 p - a potion of flight {unknown}
 q - a potion of degeneration {unknown}
 r - a potion of berserk rage {unknown}
 v - a potion of heal wounds {unknown}


   Skills:
 + Level 0.5 Fighting
 + Level 0.1 Short Blades
 + Level 2.0 Dodging
 + Level 3.1 Stealth
 + Level 3.3 Spellcasting
 + Level 1.1 Conjurations
 + Level 1.4 Summonings
 + Level 1.0 Translocations


You had one spell level left.
You knew the following spells:

 Your Spells              Type           Power        Failure   Level
a - Magic Dart            Conj           #...         12%         1
b - Call Imp              Summ           #.......     16%         2
c - Blink                 Tloc           N/A          19%         2
d - Slow                  Hex            #.......     30%         2

Your spell library contained the following spells:

 Spells                   Type           Power        Failure   Level
 Conjure Flame            Conj/Fire      #.......     43%         3
 Mephitic Cloud           Conj/Pois/Air  #.......     45%         3


Dungeon Overview and Level Annotations

Branches:
Dungeon (2/15)

Altars:

Annotations:
D:2 Robin


Innate Abilities, Weirdness & Mutations

You cannot wear boots.
Your serpentine skin is tough. (AC +1)
You have supernaturally acute eyesight. (SInv)
Armour fits poorly on your strangely shaped body.
Your system is resistant to poisons. (rPois)
You cover ground very slowly.
You can spit poison.


Message History

Confirm with . or Enter, or press ? or * to list all spells.
You miscast Call Imp.
Nothing appears to happen.
A goblin comes into view. It is wielding a +0 dagger.
The goblin shoots a stone.
The stone hits you.
Your crimson imp blinks!
You closely miss the goblin.
Robin of the Strong Arm comes into view.
They are wielding a +2 mace of protection.
The goblin shoots a stone.
The stone hits you! The goblin hits you with a +0 club.
You barely miss the goblin. The goblin hits you.
The goblin shoots a stone.
The stone barely misses you.
You hit the goblin.
The goblin is moderately wounded.
The goblin hits you with a +0 club. The goblin hits you.
* * * LOW HITPOINT WARNING * * *
You miss the goblin.
The goblin shoots a stone.
The stone closely misses you. The goblin hits you with a +0 club.
* * * LOW HITPOINT WARNING * * *
The goblin hits you.
You die...

#........####
#...........# .
#...........# .#
#.......#...######.#
#.......#...#......#
#.......#...#......#
##.......#.##......#
#..(....#.##.g....###
#.......#.##(@.g)$ggg .
......#..#..g...###
#.#.#...................
...........##..###......
#.#.##...## ##.. ..5...
........ #... ......
#.#.#.# #.... .....
......# ##.####.###
#.#.## .#


You could see Robin, 5 goblins and a friendly crimson imp (summoned).

Vanquished Creatures
  A dart slug (D:1)
  2 goblins (D:1)
  2 hobgoblins (D:1)
  A bat (D:1)
  3 frilled lizards (D:1)
  A kobold (D:1)
  A rat (D:1)
11 creatures vanquished.

Vanquished Creatures (collateral kills)
  An adder (D:2)
  A leopard gecko (D:2)
  5 goblins
  3 hobgoblins
  A frilled lizard (D:2)
  A kobold (D:2)
12 creatures vanquished.

Grand Total: 23 creatures vanquished

Notes
Turn   | Place    | Note
-------+----------+-------------------------------------------
     0 | D:1      | Forecaster the Naga Hedge Wizard began the quest for the
                  | Orb.
     0 | D:1      | Reached XP level 1. HP: 15/15 MP: 4/4
   275 | D:1      | Reached XP level 2. HP: 22/22 MP: 0/6
   606 | D:1      | Learned a level 2 spell: Call Imp
   609 | D:1      | Learned a level 2 spell: Blink
   612 | D:1      | Learned a level 2 spell: Slow
  1465 | D:2      | Reached XP level 3. HP: 30/30 MP: 3/7
  1530 | D:2      | Noticed Robin
  1533 | D:2      | Slain by a goblin

Illustrated notes

Levels and vault maps discovered:
D:1:      lightli_arrival_flooded_house, layout_basic, hex_medium,
          minmay_pentomino_v4
D:2:      layout_basic, grunt_dithmenos_smoke_and_mirrors,
          chequers_ecumenical_altar_island, st_stairs_9, okawaru_gym_becter,
          uniq_robin

Skill      XL: |  1  2 |
---------------+-------+-----
Dodging        | 2 |  2.0
Fighting       | |  0.5
Short Blades   | |  0.1
Stealth        | |  3.1
Spellcasting   | |  3.3
Conjurations   | |  1.1
Summonings     | |  1.4
Translocations | |  1.0

Action                   || total
-------------------------++-------
Melee: Dagger            ||    27
 Cast: Magic Dart        ||    22
       Call Imp          ||    13
  Use: Scroll            ||     2
Armor: Robe              ||     1
Dodge: Dodged            ||    27

Table legend: (Time is in decaauts)
 A = Elapsed time spent in this place.
 B = Non-inter-level travel time spent in this place.
 C = Inter-level travel time spent in this place.
 D = Time resting spent in this place.
 E = Time spent auto-exploring this place.
 F = Levels seen in this place.
 G = Mean time per level.
                   A        B        C        D        E       F      G
               +--------+--------+--------+--------+--------+-----+--------+
         Total |   1837 |   1805 |     32 |    171 |   1254 |   2 |  918.5 |
       Dungeon |   1837 |   1805 |     32 |    171 |   1254 |   2 |  918.5 |
               +--------+--------+--------+--------+--------+-----+--------+

Top non-repeatable levels by time:
     D:1: 1401 daAuts
     D:2: 436 daAuts
